 Dungeon Crawl Stone Soup version 0.21.1-1-g345015f (webtiles) character file.

109 shakethe the Digger (level 4, -7/24 HPs)
             Began as a Gargoyle Earth Elementalist on Feb 6, 2018.
             Killed from afar by an orc wizard (14 damage)
             ... with a puff of flame
             ... on level 3 of the Dungeon.
             The game lasted 00:06:31 (1725 turns).

shakethe the Digger (Gargoyle Earth Elementalist)   Turns: 1725, Time: 00:06:33

Health: -7/24      AC:  5    Str: 11    XL:     4   Next: 89%
Magic:  0/9        EV: 12    Int: 17    God:
Gold:   174        SH:  0    Dex: 12    Spells: 5/9 levels left

rFire    . . .     SeeInvis .   g - +3 mace (holy)
rCold    . . .     Gourm    .   (no shield)
rNeg     + . .     Faith    .   c - +0 robe
rPois    ∞         Spirit   .   (no helmet)
rElec    +         Reflect  .   (no cloak)
rCorr    .         Harm     .   (no gloves)
MR       +....                  (no boots)
Stlth    ++........             (no amulet)
HPRegen  0.08/turn              m - ring of protection from magic
MPRegen  0.11/turn              f - +2 ring of dexterity

@: no status effects
A: negative energy resistance 1, electricity resistance, unbreathing,
petrification resistance, rot immunity, AC +3
a: no special abilities


You were on level 3 of the Dungeon.
You were not hungry.

You visited 1 branch of the dungeon, and saw 3 of its levels.

You collected 174 gold pieces.

Inventory:

Hand Weapons
 g - a +3 mace of holy wrath (weapon)
Missiles
 b - 87 stones (quivered)
Armour
 c - a +0 robe (worn)
Jewellery
 f - a +2 ring of dexterity (right hand)
 m - a ring of protection from magic (left hand)
Scrolls
 k - 3 scrolls of identify
 n - a scroll of magic mapping {unknown}
 p - a scroll of remove curse
 q - a scroll of enchant weapon {unknown}
Potions
 a - a potion of ambrosia {unknown}
 h - 2 potions of resistance {unknown}
 i - 2 potions of curing
 j - 2 potions of haste {unknown}
 l - a potion of lignification {unknown}
Books
 e - a book of Geomancy

   Spells                             Type                      Level
   a - Sandblast                      Earth                        1
   b - Passwall                       Transmutation/Earth          2
   c - Stone Arrow                    Conjuration/Earth            3
   d - Petrify                        Transmutation/Earth          4
   e - Lee's Rapid Deconstruction     Earth                        5
Comestibles
 d - 6 rations
 o - 2 chunks of flesh


   Skills:
 - Level 1.5 Dodging
 - Level 2.1 Stealth
 + Level 3.3 Spellcasting
 + Level 1.1 Conjurations
   Level 0.7 Transmutations
 + Level 5.1 Earth Magic


You had 5 spell levels left.
You knew the following spells:

 Your Spells              Type           Power        Failure   Level  Hunger
a - Sandblast             Erth           ###...       1%          1    None
b - Stone Arrow           Conj/Erth      ##....       14%         3    ###....


Dungeon Overview and Level Annotations

Branches:
Dungeon (3/15)

Altars:
Gozag
Uskayaw


Innate Abilities, Weirdness & Mutations

You are resistant to torment.
Your stone body is resilient. (AC +3)
You are immune to poison.
You resist negative energy. (rN+)
You are resistant to electric shocks. (rElec)
You can survive without breathing.
You are immune to petrification.
You are immune to rotting.


Message History

You see here a tomahawk.
You see here a tomahawk.
The orc wizard hits you but does no damage.
Casting: Sandblast
Confirm with . or Enter, or press ? or * to list all spells.
Aiming: Sandblast
Press: ? - help, Shift-Dir - straight line, f/p - orc wizard
Aim: an orc wizard, wielding a dagger and wearing a robe (heavily wounded, fast)
The blast of sand hits the orc wizard.
The orc wizard is almost dead.
b - 87 stones The orc wizard hits you but does no damage.
The orc wizard closely misses you.
You barely miss the orc wizard.
The orc wizard is severely wounded.
The orc wizard hits you but does no damage.
The orc wizard points at you and mumbles some strange words.
The puff of flame hits you!
Ouch! That really hurt!
You die...

.#...........# #.#
.#####.####..######.#
...........).##.....#
.######.##...##....)#
.# #.##...##..)..# .#
#..#...##....)# .#
##.#...######(# .####
#.....######(# ....#
##.......@o..# .##.#
#...######### ..#.#
#..........# ..#.#
##......##.# .##)#
#......# .##.#
##>....#
###.#############
#)."......#
#..######.#


You could see an orc wizard.

Vanquished Creatures
  An orc wizard (D:3)
  2 adders
  3 leopard geckos
  6 orcs (D:3)
  A ball python (D:1)
  9 bats
  A giant cockroach (D:3)
  4 goblins
  9 hobgoblins
  5 frilled lizards
  8 kobolds
  A rat (D:3)
50 creatures vanquished.

Notes
Turn   | Place    | Note
-------+----------+-------------------------------------------
     0 | D:1      | shakethe the Gargoyle Earth Elementalist began the quest for the Orb.
     0 | D:1      | Reached XP level 1. HP: 10/10 MP: 3/3
   151 | D:1      | Reached XP level 2. HP: 15/15 MP: 1/5
   158 | D:1      | Reached skill level 4 in Earth Magic
   657 | D:1      | Reached XP level 3. HP: 13/19 MP: 6/6
  1143 | D:2      | Found a hide-covered altar of Uskayaw.
  1422 | D:3      | Reached XP level 4. HP: 19/24 MP: 2/8
  1432 | D:3      | Learned a level 3 spell: Stone Arrow
  1583 | D:3      | Found an opulent altar of Gozag.
  1713 | D:3      | Reached skill level 1 in Conjurations
  1713 | D:3      | Reached skill level 5 in Earth Magic
  1725 | D:3      | Killed from afar by an orc wizard

Skill      XL: |  1  2  3  4 |
---------------+-------------+-----
Earth Magic    | 4 5 |  5.1
Spellcasting   | 3 |  3.3
Conjurations   | 1 |  1.1
Dodging        | |  1.5
Stealth        | |  2.1
Transmutations | |  0.7

Action                   |  1- 3 |  4- 6 || total
-------------------------+-------+-------++-------
Melee: Unarmed           |    12 |       ||    12
       Mace              |    51 |    10 ||    61
 Cast: Sandblast         |    33 |    24 ||    57
  Use: Scroll            |     3 |     1 ||     4
  Eat: Chunk             |     2 |     1 ||     3
Armor: Robe              |    56 |     6 ||    62
Dodge: Dodged            |    93 |    11 ||   104
